 Dungeon Sprint DCSS version 0.21.1-1-g345015fe64 (webtiles) character file.

8100000 Groucho the Intangible (level 27, 0/174 HPs)
             Began as a Spriggan Abyssal Knight on Apr 21, 2018.
             Was the Champion of Makhleb.
             Killed from afar by a wretched soul (64 damage)
             ... with a bolt of negative energy
             ... in the Dungeon (Sprint VIII: "Arena of Blood").
             The game lasted 00:04:29 (81 turns).

Groucho the Intangible (Spriggan Abyssal Knight)      Turns: 81, Time: 00:04:29

Health: 0/174      AC:  4    Str:  8    XL:     27
Magic:  28/55      EV: 43    Int: 16    God:    Makhleb [******]
Gold:   0          SH:  0    Dex: 26    Spells: 80/80 levels left

rFire    . . .     SeeInvis +   j - +∞ Axe of Woe
rCold    . . .     Gourm    .   (shield currently unavailable)
rNeg     . . .     Faith    .   b - +0 robe
rPois    .         Spirit   .   (helmet restricted)
rElec    .         Reflect  .   (no cloak)
rCorr    .         Harm     .   (gloves unavailable)
MR       ++++.     NoTele   +   (boots unavailable)
Stlth    +++++++++.             (no amulet)
HPRegen  0.39/turn              (no ring)
MPRegen  0.34/turn              (no ring)

@: drained, very quick
A: very small, unfitting armour, see invisible, herbivore, speed 3, slow
metabolism 2
a: Minor Destruction, Lesser Servant of Makhleb, Major Destruction, Greater
Servant of Makhleb, Renounce Religion


You were in the Dungeon.
You worshipped Makhleb.
Makhleb was exalted by your worship.
You were not hungry.

You visited 1 branch

Inventory:

Hand Weapons
 a - a +1 short sword
 j - the +∞ Axe of Woe (weapon)
   (You found it in the Dungeon)
Armour
 b - a +0 robe (worn)
Scrolls
 i - a scroll of blinking
Potions
 d - a potion of curing
 e - a potion of heal wounds
 f - a potion of haste
 g - 2 potions of magic
 h - a potion of berserk rage
Comestibles
 c - a ration


   Skills:
 O Level 27(25.5) Fighting
 O Level 27(25.5) Short Blades
 O Level 27(25.5) Axes
 O Level 27(25.5) Throwing
 O Level 27(25.5) Armour
 O Level 27(25.5) Dodging
 O Level 27(25.5) Stealth
 O Level 27(25.5) Unarmed Combat
 O Level 27(25.5) Spellcasting
 O Level 27(25.5) Invocations


You had 80 spell levels left.
You didn't know any spells.

Dungeon Overview and Level Annotations

Branches:
Dungeon (1/1)

Altars:
Makhleb


Innate Abilities, Weirdness & Mutations

You are very small and have problems with some larger weapons.
You are too small for most types of armour.
You have supernaturally acute eyesight. (SInv)
You are a herbivore.
You cover ground extremely quickly.
You need consume almost no food.


Message History

Unknown command.
You hit the destroyer.
You butcher the destroyer messily.
You destroy the destroyer!
Makhleb accepts your kill.
You feel better.
You are engulfed in blazing flames.
You hear a shout! x6
The accursed casts a spell at you. Something smites you!
You hear a shout! x3
Unknown command.
Unknown command.
You are engulfed in blazing flames.
You hear a shout! x3
The dread calls on the powers of darkness!
Your body is wracked with pain!
The bag of meat convulses!
The large bag of meat convulses!
The shadow is engulfed in blazing flames.
The wretched soul breathes negative energy at you.
The bolt of negative energy hits you!
You feel drained.
You die...

.... .. ... ..
#.. O# . #.. ..#
..###.. ..###.
.......###......
....W..)_)......
....#.)§§§#....
. #_)@W_# .
#.)§)W#
..%.._o..%.
.....W###......
.###.. ..###.
#.W ..# #M. O%#
.. ..


You could see an accursed, a large bag of meat (inner flame), 2 wretched souls,
a dread, 2 shadows and a bag of meat.

Vanquished Creatures
  3 greater mummies (D)
  A wraith (D)
  12 vampire knights (D)
  18 ogres (D)
  3 two-headed ogres (D)
  A lich (D)
  27 orcs (D)
  A skeletal warrior (D)
  2 large abominations (D)
  2 crawling corpses (D)
70 creatures vanquished.

Notes
Turn   | Place    | Note
-------+----------+-------------------------------------------
     0 | D        | Found the +∞ Axe of Woe
     0 | D        | Groucho the Spriggan Abyssal Knight began the quest for the Orb.
     0 | D        | Reached XP level 1. HP: 11/11 MP: 3/3
     3 | D        | Noticed a bag of meat
     3 | D        | Noticed a bag of meat
     5 | D        | Fell from the grace of Lugonu
     5 | D        | Became a worshipper of Makhleb the Destroyer
     7 | D        | Killed a bag of meat
     7 | D        | Reached XP level 2. HP: 16/16 MP: 4/4
     7 | D        | Reached XP level 3. HP: 19/19 MP: 5/5
     7 | D        | Reached XP level 4. HP: 23/23 MP: 6/6
     7 | D        | Reached XP level 5. HP: 27/27 MP: 7/7
     7 | D        | Reached XP level 6. HP: 32/32 MP: 8/8
     7 | D        | Reached XP level 7. HP: 35/35 MP: 9/9
     7 | D        | Reached XP level 8. HP: 39/39 MP: 10/10
     7 | D        | Reached XP level 9. HP: 43/43 MP: 11/11
     7 | D        | Reached XP level 10. HP: 47/47 MP: 12/12
     7 | D        | Reached XP level 11. HP: 51/51 MP: 13/13
    10 | D        | Noticed a meat berserker
    11 | D        | Killed a bag of meat
    11 | D        | Reached * piety under Makhleb
    11 | D        | Reached skill level 27 in Dodging
    11 | D        | Reached XP level 12. HP: 56/56 MP: 14/14
    12 | D        | Noticed a bag of meat
    12 | D        | Noticed a meat berserker
    12 | D        | Noticed a bag of meat
    13 | D        | Killed a meat berserker
    13 | D        | Reached XP level 13. HP: 59/59 MP: 15/15
    13 | D        | Reached XP level 14. HP: 63/63 MP: 16/16
    16 | D        | Killed a bag of meat
    16 | D        | Reached skill level 27 in Axes
    17 | D        | Killed a meat berserker
    17 | D        | Reached ** piety under Makhleb
    17 | D        | Reached XP level 15. HP: 86/86 MP: 17/17
    18 | D        | Reached skill level 15 in Fighting
    20 | D        | Reached skill level 15 in Armour
    20 | D        | Reached XP level 16. HP: 98/98 MP: 18/18
    33 | D        | Noticed a meat berserker
    35 | D        | Reached *** piety under Makhleb
    37 | D        | Killed a meat berserker
    37 | D        | Reached XP level 17. HP: 110/110 MP: 19/19
    42 | D        | Noticed a meat berserker
    42 | D        | Noticed a destroyer
    42 | D        | Noticed a destroyer
    43 | D        | Noticed a destroyer
    45 | D        | Killed a destroyer
    45 | D        | Killed a meat berserker
    45 | D        | Reached **** piety under Makhleb
    45 | D        | Reached XP level 18. HP: 125/125 MP: 20/20
    46 | D        | Noticed a meat berserker
    46 | D        | Noticed a sculptor of flesh
    48 | D        | Killed a destroyer
    48 | D        | Reached skill level 27 in Fighting
    48 | D        | Reached skill level 27 in Armour
    48 | D        | Reached XP level 19. HP: 132/132 MP: 20/33
    48 | D        | Reached skill level 10 in Throwing
    48 | D        | Reached skill level 10 in Invocations
    49 | D        | Noticed a meat berserker
    49 | D        | Reached skill level 10 in Unarmed Combat
    50 | D        | Reached ***** piety under Makhleb
    51 | D        | Noticed a meat berserker
    51 | D        | Noticed a destroyer
    51 | D        | Noticed a destroyer
    51 | D        | Killed a destroyer
    51 | D        | Reached skill level 15 in Throwing
    51 | D        | Reached skill level 15 in Invocations
    51 | D        | Reached XP level 20. HP: 137/137 MP: 20/43
    51 | D        | Reached skill level 15 in Unarmed Combat
    52 | D        | Noticed a large bag of meat
    53 | D        | Noticed a meat berserker
    53 | D        | Noticed a destroyer
    53 | D        | Noticed a large bag of meat
    53 | D        | Killed a meat berserker
    54 | D        | Noticed a destroyer
    54 | D        | Reached ****** piety under Makhleb
    54 | D        | Reached XP level 21. HP: 142/142 MP: 21/49
    55 | D        | Noticed a large bag of meat
    55 | D        | Noticed an accursed
    55 | D        | Killed a destroyer
    55 | D        | Killed a destroyer
    55 | D        | Reached skill level 27 in Spellcasting
    56 | D        | Reached skill level 27 in Short Blades
    56 | D        | Reached XP level 22. HP: 123/148 MP: 21/54
    56 | D        | Reached skill level 27 in Throwing
    56 | D        | Reached skill level 27 in Invocations
    58 | D        | Noticed a tyrant
    58 | D        | Noticed an accursed
    58 | D        | Killed a destroyer
    58 | D        | Reached skill level 27 in Stealth
    58 | D        | Reached skill level 27 in Unarmed Combat
    58 | D        | Reached XP level 23. HP: 153/153 MP: 22/55
    58 | D        | Killed an accursed
    58 | D        | Reached XP level 24. HP: 158/158 MP: 22/55
    59 | D        | Killed an accursed
    61 | D        | Killed a destroyer
    61 | D        | Reached XP level 25. HP: 163/163 MP: 22/55
    62 | D        | Noticed a destroyer
    62 | D        | Noticed a dread
    62 | D        | Killed a large bag of meat
    62 | D        | Killed a large bag of meat
    63 | D        | Noticed an accursed
    63 | D        | Reached XP level 26. HP: 169/169 MP: 23/55
    64 | D        | Noticed a destroyer
    64 | D        | Killed a large bag of meat
    66 | D        | Noticed a destroyer
    66 | D        | Noticed a destroyer
    66 | D        | Killed a tyrant
    67 | D        | Reached XP level 27. HP: 174/174 MP: 24/55
    68 | D        | Killed a dread
    69 | D        | Killed a destroyer
    69 | D        | Killed a destroyer
    70 | D        | Killed a destroyer
    71 | D        | Noticed a destroyer
    73 | D        | Killed a destroyer
    74 | D        | Noticed a destroyer
    75 | D        | Noticed a dread
    78 | D        | Noticed an accursed
    79 | D        | Killed an accursed
    80 | D        | Noticed a large bag of meat
    80 | D        | Killed a destroyer
    81 | D        | Killed from afar by a wretched soul

Skill      XL: |  1  2  3  4  5  6  7  8  9 10 11 12 13 14 15 16 17 18 19 20 21 22 |
---------------+-------------------------------------------------------------------+-----
Axes           | 16 20 25 27 | 27.0
Dodging        | 25 27 | 27.0
Fighting       | 13 17 21 26 27 | 27.0
Armour         | 11 15 19 24 27 | 27.0
Short Blades   | 8 17 22 27 | 27.0
Throwing       | 7 15 20 25 27 | 27.0
Unarmed Combat | 6 13 18 22 27 | 27.0
Spellcasting   | 9 18 23 27 | 27.0
Invocations    | 8 15 20 25 27 | 27.0
Stealth        | 27 | 27.0

Action                   |  1- 3 |  4- 6 |  7- 9 | 10-12 | 13-15 | 16-18 | 19-21 | 22-24 | 25-27 || total
-------------------------+-------+-------+-------+-------+-------+-------+-------+-------+-------++-------
Melee: Broad axe         |     1 |       |       |     2 |     4 |     5 |     7 |     4 |    16 ||    39
Dodge: Dodged            |       |       |       |       |       |       |       |     1 |     1 ||     2
